 Dungeon Crawl Stone Soup version 0.28.0-43-g3370ac3207 (webtiles) character file.

Game seed: 3917688796191152435

1090 silky the Ruffian (level 8, -2/75 HPs)
             Began as a Troll Fighter on Mar 29, 2022.
             Was a Believer of Makhleb.
             Slain by a killer bee (6 damage)
             ... on level 7 of the Dungeon.
             The game lasted 00:30:53 (4778 turns).

silky the Ruffian (Troll Fighter)                   Turns: 4778, Time: 00:30:53

Health: -2/75      AC:  4    Str: 33    XL:     8   Next: 9%
Magic:  8/8        EV:  9    Int:  4    God:    Makhleb [**....]
Gold:   282        SH:  7    Dex:  9    Spells: 7/7 levels left

rFire   . . .      SeeInvis .     - Unarmed
rCold   . . .      Faith    .   b - +0 kite shield
rNeg    + . .      Spirit   .   a - +0 robe
rPois   .          Reflect  .   (helmet restricted)
rElec   .          Harm     .   (no cloak)
rCorr   .          Rampage  .   (gloves unavailable)
Will    .....                   (boots unavailable)
Stlth   +.........              (no amulet)
HPRegen 1.02/turn               i - ring of positive energy
MPRegen 0.11/turn               k - +6 ring of strength

@: lethally poisoned (-2 -> -9)
A: large, unfitting armour, claws 3, regeneration 1, shaggy fur 1, tough skin 1
a: Renounce Religion, Minor Destruction


You were on level 7 of the Dungeon.
You worshipped Makhleb.
Makhleb was pleased with you.
You visited 2 branches of the dungeon, and saw 8 of its levels.

You collected 282 gold pieces.

Inventory:

Hand Weapons
 d - a +1 flail of protection
 t - a +0 giant club
Missiles
 h - 54 arrows
 m - 6 curare-tipped darts (quivered)
 o - 5 poisoned darts
Armour
 a - a +0 robe (worn)
 b - a +0 kite shield (worn)
Jewellery
 i - a ring of positive energy (left claw)
 k - a +6 ring of strength (right claw)
Scrolls
 f - a scroll of blinking
 q - a scroll of amnesia {unknown}
 r - a scroll of immolation {unknown}
 s - 2 scrolls of teleportation
 u - 2 scrolls of fog {unknown}
Potions
 c - a potion of might
 e - a potion of berserk rage
 g - 3 potions of curing
 j - a potion of brilliance {unknown}
 l - a potion of degeneration
 n - a potion of ambrosia
 p - a potion of attraction


   Skills:
 + Level 3.3 Fighting
 + Level 4.2 Dodging
 + Level 0.8 Stealth
 + Level 4.2 Shields
 + Level 6.2 Unarmed Combat
 + Level 2.1 Invocations


You had 7 spell levels left.
You didn't know any spells.
Your spell library contained the following spells:

 Spells                   Type           Power      Damage    Failure   Level
 Static Discharge         Conj/Air       0%         N/A       89%         2
 Animate Dead             Necr           0%         N/A       100%        4
 Dispel Undead            Necr           0%         3d6       100%        4
 Sticky Flame             Conj/Fire      0%         2d3       100%        4
 Haunt                    Necr/Summ      0%         N/A       100%        7
 Infestation              Necr           0%         N/A       100%        8


Dungeon Overview and Level Annotations

Branches:
Dungeon (7/15)             Temple (1/1) D:7

Altars:
Cheibriados
Elyvilon
Makhleb
Qazlal
Ru
Sif Muna
Trog
Wu Jian
Zin

Shops:
D:6 *

Annotations:
D:4 3 runed translucent doors, Astivus's ghost, amateur TrHu


Innate Abilities, Weirdness & Mutations

You are too large for most types of armour.
You have claws for hands.
Your natural rate of healing is unusually fast.
You are covered in fur. (AC +1)
You have tough skin. (AC +1)


Message History

The killer bee closely misses you. x3
You feel very sick.
The killer bee stings you but does no damage.
You block the killer bee's attack. The killer bee barely misses you.
You block the killer bee's attack.
The howler monkey hoots and howls with incredible vigour!
You hear a croak. x2; You hear a howl!
Found a scroll of identify.
You feel very sick. The killer bee stings you.
* * * LOW HITPOINT WARNING * * *
You are more poisoned.
The killer bee poisons you! You block the killer bee's attack.
The killer bee stings you.
* * * LOW HITPOINT WARNING * * *
You are more poisoned.
The killer bee poisons you!
The killer bee stings you but does no damage.
You feel very sick. The killer bee closely misses you.
The killer bee stings you.
* * * LOW HITPOINT WARNING * * *
You block the killer bee's attack.
* * * LOW HITPOINT WARNING * * *
You feel very sick.
You mangle the killer bee!!
You kill the killer bee!
Makhleb accepts your kill.
You feel better.
You feel very sick. The killer bee stings you.
* * * LOW HITPOINT WARNING * * *
You are lethally poisoned!
The killer bee poisons you! You block the killer bee's attack.
The howler monkey hoots and howls with incredible vigour!
You hear a howl! x2
You miss the killer bee.
* * * LOW HITPOINT WARNING * * *
You feel very sick. The killer bee stings you.
You die...

........................
........................
..............>........
#...........##.##.##.## .
............#.........#..
#........................
#...........#..⌠...⌠..#
...........y#.........#..
#..........@†y...>.....<.
#..........y#h........#..
........#..⌠...⌠..#
.....................
........#.........#..
........##.##.##.## .
.........!.........
......?............. ...
.............


You could see a howler monkey (catching breath) and 3 killer bees.

Vanquished Creatures
  A wyvern (D:5)
  An ice beast (D:5)
  An ogre (D:6)
  A wyvern zombie (D:6)
  2 scorpions
  A water moccasin zombie (D:5)
  A killer bee (D:7)
  3 hounds
  A jelly (D:5)
  6 iguanas
  10 gnolls
  4 adders
  A white imp (D:6)
  An ufetubus (D:4)
  An adder skeleton (D:4)
  2 worms
  2 dart slugs
  4 orcs (D:4)
  3 endoplasms
  3 giant cockroaches
  3 goblins
  3 hobgoblins
  7 kobolds
  2 quokkas
  3 ball pythons
  6 bats
  13 frilled lizards
  4 rats
  5 toadstools (D:1)
95 creatures vanquished.

Vanquished Creatures (others)
  2 fungi (D:4)
  7 plants
9 creatures vanquished.

Grand Total: 104 creatures vanquished

Notes
Turn   | Place    | Note
-------+----------+-------------------------------------------
     0 | D:1      | silky the Troll Fighter began the quest for the Orb.
     0 | D:1      | Reached XP level 1. HP: 22/22 MP: 0/0
   363 | D:1      | Reached XP level 2. HP: 29/29 MP: 1/1
   608 | D:1      | Found a faded altar of an unknown god.
   613 | D:1      | Prayed at the altar of an unknown god.
   613 | D:1      | Became a worshipper of Makhleb the Destroyer
   613 | D:1      | Reached * piety under Makhleb
   857 | D:2      | Reached XP level 3. HP: 32/36 MP: 2/2
   913 | D:2      | Reached XP level 4. HP: 44/44 MP: 3/3
  1314 | D:2      | Reached skill level 3 in Unarmed Combat
  1654 | D:3      | Reached ** piety under Makhleb
  1664 | D:3      | Reached XP level 5. HP: 50/52 MP: 4/4
  1728 | D:3      | Noticed an ogre
  2360 | D:4      | Found a runed translucent gate.
  2362 | D:4      | Found a runed translucent gate.
  2363 | D:4      | Found a runed translucent gate.
  2363 | D:4      | Noticed Astivus's ghost (amateur TrHu)
  2537 | D:4      | Found an ornate altar of the Wu Jian Council.
  2655 | D:4      | Noticed a black bear
  2688 | D:4      | Noticed a sky beast
  2880 | D:5      | Entered Level 5 of the Dungeon
  2955 | D:5      | Reached skill level 4 in Unarmed Combat
  2958 | D:5      | Reached XP level 6. HP: 56/59 MP: 5/5
  2980 | D:5      | Noticed an ice beast
  2987 | D:5      | Killed an ice beast
  2988 | D:5      | Reached skill level 1 in Invocations
  2992 | D:5      | Noticed a wyvern
  3009 | D:5      | Killed a wyvern
  3010 | D:5      | Reached XP level 7. HP: 8/67 MP: 5/7
  3013 | D:5      | Reached skill level 5 in Unarmed Combat
  3953 | D:6      | Found a snail-covered altar of Cheibriados.
  3990 | D:6      | Found Sumuet's General Store.
  4044 | D:6      | Reached skill level 6 in Unarmed Combat
  4044 | D:6      | Reached XP level 8. HP: 75/75 MP: 8/8
  4147 | D:6      | Reached *** piety under Makhleb
  4709 | D:7      | Found a staircase to the Ecumenical Temple.
  4717 | Temple   | Entered the Ecumenical Temple
  4778 | D:7      | Slain by a killer bee

Illustrated notes

Levels and vault maps discovered:
D:1:      ldierk_walled_garden, layout_loops_corners, basic_ecumenical_altar,
          minmay_misc_feat_room, grunt_decor_resistance
D:2:      layout_basic, minmay_misc_feat_cross
D:3:      layout_basic
D:4:      layout_basic, nicolae_overflow_crystal_walls,
          gammafunk_ghost_nasty_kobolds
D:5:      layout_basic, minmay_lizard_king
D:6:      mumra_celtic_spiral_tile, layout_basic, old_standard_altar,
          minmay_fountain_box, nicolae_take_the_stairs,
          hangedman_abyss_or_decor_passed
D:7:      layout_basic, nicolae_uskayaw_dance_studio,
          minmay_temple_entry_large_hall, uniq_prince_ribbit1
Temple:   compressed_dpeg_circular_temple

Skill      XL: |  1  2  3  4  5  6  7 |
---------------+----------------------+-----
Dodging        | 3 4 |  4.2
Shields        | 3 4 |  4.2
Unarmed Combat | 3 4 6 |  6.2
Fighting       | 3 |  3.3
Invocations    | 1 2 |  2.1
Stealth        | |  0.8

Action                   |  1- 3 |  4- 6 |  7- 9 || total
-------------------------+-------+-------+-------++-------
Melee: Unarmed           |    76 |    95 |    83 ||   254
Invok: Minor Destruction |       |    11 |       ||    11
  Use: Scroll            |     1 |     2 |     3 ||     6
       Potion            |       |     3 |       ||     3
 Stab: Sleeping          |     1 |       |       ||     1
Armor: Robe              |    21 |    24 |    15 ||    60
Dodge: Dodged            |    21 |    29 |    32 ||    82
Block: Kite shield       |    26 |    44 |    28 ||    98
